 Dungeon Sprint DCSS version 0.19-a0-1932-g59670f6 (webtiles) character file.

8432 packetloss the Eclecticist (level 11, -1/61 HPs)
             Began as a Spriggan Wizard on Oct 25, 2016.
             Was the Champion of Vehumet.
             Killed from afar by a ghostly deep elf annihilator (62 damage)
             ... with an iron shot
             ... in the Dungeon (Sprint III: "The Ten Rune Challenge").
             The game lasted 00:23:45 (3802 turns).

packetloss the Eclecticist (Spriggan Wizard)        Turns: 3802, Time: 00:23:46

Health: -1/61      AC:  3    Str:  3    XL:     11   Next: 9%
Magic:  3/32       EV: 25    Int: 23    God:    Vehumet [******]
Gold:   4778       SH:  0    Dex: 15    Spells: 7 memorised, 24 levels left

rFire  . . .     SeeInvis +     v - +0 dagger
rCold  . . .     Gourm    .     a - +0 robe
rNeg   . . .     Faith    .     (shield restricted)
rPois  +         Spirit   .     y - +1 hat {MR+}
rElec  +         Reflect  .     (no cloak)
rCorr  .         Harm     .     (gloves unavailable)
MR     ++...     NoTele   +     (boots unavailable)
Stlth  ++++......               (no amulet)
                                (no ring)
                                d - ring "Cogee" {+Inv +Fly rElec rPois Stlth-}

@: repel missiles, very quick
A: unfitting armour, see invisible, herbivore 3, speed 3, robust 1, slow
metabolism 2
a: Renounce Religion, Evoke Invisibility, Evoke Flight


You were in the Dungeon.
You worshipped Vehumet.
Vehumet was exalted by your worship.
You were full.

You visited 1 branch You collected 4986 gold pieces.
You spent 208 gold pieces at shops.

Inventory:

Hand Weapons
 v - a +0 dagger (weapon)
   (You took it off a wizard in the Dungeon)
Missiles
 x - 6 throwing nets {=f, !d}
 z - 6 curare-tipped needles
Armour
 a - a +0 robe (worn)
 b - a +0 hat
 y - a +1 hat of magic resistance (worn)
   (You bought it in a shop in the Dungeon)
Jewellery
 d - the ring "Cogee" (left hand) {+Inv +Fly rElec rPois Stlth-}
   (You took it off a deep elf mage in the Dungeon)

   [ring of flight]

   It insulates you from electricity.
   It protects you from poison.
   It lets you turn invisible.
   It lets you fly.
   It makes you less stealthy.
Scrolls
 j - a scroll of blinking {!r}
 l - a scroll of torment {unknown}
 m - a scroll of identify
 n - a scroll of random uselessness {unknown}
 r - a scroll of immolation {unknown}
 s - a scroll of remove curse
 A - 2 scrolls of silence {unknown}
Potions
 e - a potion of curing
 f - a potion of heal wounds
 g - a potion of haste
 h - 3 potions of magic
 i - a potion of berserk rage {!q}
 k - 3 potions of mutation {!q}
 p - 3 potions of cure mutation {!q}
 q - 4 potions of flight
 t - a potion of might
Books
 c - a book of Minor Magic
 u - a book of Misfortune
   (You found it in the Dungeon)
Miscellaneous
 w - a sack of spiders
Comestibles
 o - 3 royal jellies


   Skills:
 - Level 5.3 Fighting
 - Level 9.7 Dodging
 - Level 12.2 Stealth
 + Level 16.5 Spellcasting
 - Level 9.0 Conjurations
 - Level 8.4 Hexes
   Level 0.7 Summonings
   Level 1.5 Translocations
 + Level 13.4 Earth Magic
 + Level 0.0 Evocations


You had 24 spell levels left.
You knew the following spells:

 Your Spells              Type           Power        Failure   Level  Hunger
a - Magic Dart            Conj           ####         1%          1    None
b - Sandblast             Erth           ######       0%          1    None
c - Conjure Flame         Conj/Fire      #####...     1%          3    None
d - Repel Missiles        Chrm/Air       ###...       4%          2    None
e - Fulminant Prism       Conj/Hex       ######....   1%          4    None
x - Mephitic Cloud        Conj/Pois/Air  ####....     1%          3    None
z - Lee's Rapid Deconstr  Erth           ######....   1%          5    #......


Dungeon Overview and Level Annotations

Branches:
Dungeon (1/1)

Altars:
Cheibriados
Dithmenos
Elyvilon
Fedhas
Gozag
Hepliaklqana
Kikubaaqudgha
Makhleb
Nemelex Xobeh
Okawaru
Qazlal
Ru
Sif Muna
Trog
Uskayaw
Vehumet
Xom
Yredelemnul
Zin
The Shining One
Beogh
Jiyva
Lugonu

Shops:
D *


Innate Abilities, Weirdness & Mutations

You are very small and have problems with some larger weapons.
You are too small for most types of armour.
You have supernaturally acute eyesight. (SInv)
You are a herbivore.
You cover ground extremely quickly.
You need consume almost no food.
You are robust. (+10% HP)


Message History

d - the ring "Cogee" (left hand) {+Inv +Fly rElec rPois Stlth-}
There is an open door here.
Things that are here:
a morningstar of distortion {!w}; the elf skeleton of Dowan You see here a giant club.
Okay, then.
Things that are here:
a giant club x2
There is an open door to the Orcish Mines here.
Things that are here:
a falchion; a ring mail
Things that are here:
a mace; a robe You see here a dagger.
Things that are here:
a short sword; a robe
There is an open door to the Elven Halls here.
Items here: )) [[ a short sword of flaming; a scale mail; a rapier; a leather armour A deep elf demonologist comes into view.
It is wielding a smoking battleaxe {flame}.
Spoiler Alert: The deep elf demonologist (wandering) can cast banishment or summon Greater Demons!
You conjure a prism of explosive energy!
The deep elf demonologist shouts!
Spoiler Alert: The deep elf demonologist can cast banishment or summon Greater Demons!
You now have 27/32 mp.
Unknown command.
You hear a loud twanging sound.
An arrow appears from out of your range of vision.
The arrow hits your fulminant prism!!
Unknown command.
You conjure a prism of explosive energy!
You now have 24/32 mp.
Your fulminant prism crackles loudly.
Unknown command.
You conjure a prism of explosive energy!
You now have 20/32 mp.
Your fulminant prism crackles loudly.
You hear a loud twanging sound.
An arrow appears from out of your range of vision.
The arrow hits your fulminant prism!
Unknown command.
You conjure a prism of explosive energy!
You hear a loud twanging sound.
An arrow appears from out of your range of vision.
The arrow hits your fulminant prism!!
Spoiler Alert: The deep elf annihilator can cast Lehudib's Crystal Spear or Iron Shot!
You now have 17/32 mp.
Unknown command.
The wall shatters!
The blast of rock fragments hits the deep elf annihilator.
You hear a shout! x4
You now have 12/32 mp.
Unknown command.
Spoiler Alert: The deep elf annihilator can cast Lehudib's Crystal Spear or Iron Shot!
Unknown command.
The wall shatters!
The blast of rock fragments hits the deep elf annihilator.
Something assumes the form of the deep elf annihilator and becomes anchored to this world!
Unknown command.
Unknown command.
Spoiler Alert: The ghostly deep elf annihilator can cast Lehudib's Crystal Spear or Iron Shot!
You now have 8/32 mp.
You can't see any susceptible monsters within range! (Use Z to cast anyway.) Warning x2: The deep elf demonologist can cast banishment or summon Greater Demons!
The ghostly deep elf annihilator can cast Lehudib's Crystal Spear or Iron Shot!
The deep elf demonologist mumbles some strange words.
Unknown command.
The ghostly deep elf annihilator casts a spell.
The ghostly deep elf annihilator blinks!
Items here: )) [[ a short sword of flaming; a scale mail; a rapier; a leather armour Spoiler Alert: The ghostly deep elf annihilator can cast Lehudib's Crystal Spear or Iron Shot!
You cannot affect that.
Okay, then.
Unknown command.
There is an open door to the Elven Halls here.
You close the door.
You see here a dagger.
Things that are here:
a dagger; a robe; a stone You see here a dagger.
You start resting.
Spoiler Alert: The ghostly deep elf annihilator can cast Lehudib's Crystal Spear or Iron Shot!
Things that are here:
a mace; a robe
Things that are here:
a falchion; a ring mail
There is an open door to the Orcish Mines here.
You start resting.
Spoiler Alert: The ghostly deep elf annihilator can cast Lehudib's Crystal Spear or Iron Shot!
The wall shatters!
The blast of rock fragments hits the ghostly deep elf annihilator.
You now have 8/32 mp.
Unknown command.
Unknown command.
The wall shatters!
The blast of rock fragments hits the ghostly deep elf annihilator.
The ghostly deep elf annihilator points at you and mumbles some strange words.
The iron shot hits you!
Ouch! That really hurt!
You die...

#__)#._#..))...e.##
#'###'##))).....###
.......#)))).....##
...)...#)#)..#∩...#
######'#e#.#..##.##
#__#...#'##########
#__#..)#...)#.#.#..
#__#...##@#.)#.##)#
#__#...'##.#.#.##.#
#__'..)#.).#..#..##
▓▓▓▓▓▓▓▓▓▓▓▓▓▓▓▓▓▓▓


You could see a ghostly deep elf annihilator.

Vanquished Creatures
  Dowan (D)
  Erolcha (D)
  A yaktaur captain (D)
  A deep elf knight (D)
  An orc high priest (D)
  6 deep elf magi (D)
  Duvessa (D)
  2 redbacks (D)
  A shadow (D)
  2 hill giants (D)
  A spatial vortex (D)
  A necrophage (D)
  3 two-headed ogres (D)
  A water elemental (D)
  A jelly (D)
  5 orc priests (D)
  4 orc wizards (D)
  A wizard (D)
  A necromancer (D)
  3 humans (D)
  A kobold demonologist (D)
  2 oozes (D)
  A phantom (D)
  11 orcs (D)
  A kobold (D)
  2 rats (D)
56 creatures vanquished.

Vanquished Creatures (others)
  2 draconian scorchers (D)
  Nessos (D)
  6 hellions (D)
  3 yaktaurs (D)
  19 fulminant prisms (D)
  A plant (D)
32 creatures vanquished.

Grand Total: 88 creatures vanquished

Notes
Turn   | Place    | Note
-------+----------+-------------------------------------------
     0 | D        | packetloss the Spriggan Wizard began the quest for the Orb.
     0 | D        | Reached XP level 1. HP: 9/9 MP: 6/6
    29 | D        | Reached skill level 5 in Spellcasting
    97 | D        | Killed a hellion
   109 | D        | Killed a hellion
   111 | D        | Killed a hellion
   113 | D        | Killed a hellion
   126 | D        | Reached skill level 6 in Spellcasting
   126 | D        | Reached skill level 1 in Conjurations
   126 | D        | Reached XP level 2. HP: 13/13 MP: 6/10
   130 | D        | Learned a level 2 spell: Repel Missiles
   156 | D        | Killed a white draconian scorcher
   229 | D        | Killed a hellion
   231 | D        | Killed a hellion
   319 | D        | Killed a yaktaur
   333 | D        | Killed a white draconian scorcher
   685 | D        | Reached skill level 4 in Stealth
   685 | D        | Reached skill level 2 in Conjurations
   685 | D        | Reached XP level 3. HP: 8/16 MP: 6/12
   847 | D        | Learned a level 3 spell: Conjure Flame
   851 | D        | Learned a level 3 spell: Mephitic Cloud
   930 | D        | Noticed a water elemental
   942 | D        | Killed a water elemental
   942 | D        | Reached skill level 6 in Stealth
   942 | D        | Reached skill level 7 in Spellcasting
   942 | D        | Reached skill level 4 in Conjurations
   942 | D        | Reached XP level 4. HP: 7/21 MP: 7/14
  1152 | D        | Found a radiant altar of Vehumet.
  1154 | D        | Found a deep blue altar of Sif Muna.
  1154 | D        | Noticed a wizard
  1161 | D        | Killed a wizard
  1161 | D        | Reached skill level 9 in Spellcasting
  1167 | D        | Found an ancient bone altar of Kikubaaqudgha.
  1174 | D        | Became a worshipper of Vehumet
  1268 | D        | Found a hide-covered altar of Uskayaw.
  1268 | D        | Found an iron altar of Okawaru.
  1269 | D        | Found a roughly hewn altar of Beogh.
  1269 | D        | Found a bloodstained altar of Trog.
  1269 | D        | Noticed a human
  1269 | D        | Noticed a human
  1278 | D        | Killed a human
  1278 | D        | Reached skill level 11 in Spellcasting
  1278 | D        | Reached skill level 6 in Conjurations
  1278 | D        | Reached XP level 5. HP: 24/24 MP: 13/19
  1286 | D        | Killed a human
  1286 | D        | Reached skill level 12 in Spellcasting
  1286 | D        | Reached skill level 7 in Conjurations
  1286 | D        | Reached XP level 6. HP: 23/28 MP: 14/22
  1347 | D        | Found a shadowy altar of Dithmenos.
  1348 | D        | Found a basalt altar of Yredelemnul.
  1348 | D        | Found a sacrificial altar of Ru.
  1513 | D        | Killed a yaktaur
  1608 | D        | Reached * piety under Vehumet
  1608 | D        | Offered knowledge of Sandblast by Vehumet.
  1613 | D        | Learned a level 1 spell: Sandblast
  1624 | D        | Reached skill level 7 in Stealth
  1624 | D        | Reached skill level 1 in Earth Magic
  1726 | D        | Found a glowing silver altar of Zin.
  1727 | D        | Found a glowing golden altar of the Shining One.
  1727 | D        | Found a white marble altar of Elyvilon.
  1727 | D        | Noticed a deep elf mage
  1738 | D        | Killed a deep elf mage
  1738 | D        | Reached skill level 10 in Stealth
  1738 | D        | Reached skill level 13 in Spellcasting
  1738 | D        | Reached skill level 8 in Conjurations
  1738 | D        | Reached skill level 4 in Earth Magic
  1738 | D        | Reached XP level 7. HP: 21/32 MP: 20/24
  1854 | D        | Noticed a shadow
  1856 | D        | Killed a shadow
  1856 | D        | Offered knowledge of Freeze by Vehumet.
  1856 | D        | Reached ** piety under Vehumet
  1856 | D        | Reached XP level 8. HP: 36/36 MP: 24/26
  1905 | D        | Found a blossoming altar of Fedhas.
  1905 | D        | Found a stormy altar of Qazlal.
  1905 | D        | Found a snail-covered altar of Cheibriados.
  1905 | D        | Found a burning altar of Makhleb.
  1905 | D        | Found a shimmering altar of Xom.
  1906 | D        | Found a hazy altar of Hepliaklqana.
  1906 | D        | Found an opulent altar of Gozag.
  1906 | D        | Found a sparkling altar of Nemelex Xobeh.
  1906 | D        | Found a corrupted altar of Lugonu.
  1906 | D        | Found a viscous altar of Jiyva.
  1917 | D        | Reached skill level 11 in Stealth
  1917 | D        | Reached skill level 5 in Earth Magic
  1946 | D        | Reached *** piety under Vehumet
  1991 | D        | Reached skill level 14 in Spellcasting
  2098 | D        | Noticed Erolcha
  2103 | D        | HP: 5/36 [redback (15)]
  2103 | D        | Offered knowledge of Ignite Poison by Vehumet.
  2103 | D        | Reached skill level 12 in Stealth
  2163 | D        | Reached **** piety under Vehumet
  2163 | D        | Reached skill level 9 in Conjurations
  2163 | D        | Reached skill level 6 in Earth Magic
  2402 | D        | Killed a yaktaur
  2584 | D        | Killed Erolcha
  2584 | D        | Offered knowledge of Force Lance by Vehumet.
  2584 | D        | Reached skill level 4 in Fighting
  2584 | D        | Reached skill level 9 in Dodging
  2584 | D        | Reached XP level 9. HP: 18/46 MP: 21/28
  2900 | D        | Offered knowledge of Fulminant Prism by Vehumet.
  2900 | D        | Reached skill level 5 in Fighting
  2906 | D        | Learned a level 4 spell: Fulminant Prism
  2923 | D        | Reached skill level 1 in Hexes
  2923 | D        | Reached ***** piety under Vehumet
  2923 | D        | Offered knowledge of Lee's Rapid Deconstruction by Vehumet.
  2923 | D        | Reached skill level 2 in Hexes
  2930 | D        | Reached skill level 3 in Hexes
  2931 | D        | Noticed an orc high priest
  2935 | D        | Killed an orc high priest
  2935 | D        | Reached skill level 8 in Hexes
  3007 | D        | Found Suicsio's General Store.
  3036 | D        | Learned a level 5 spell: Lee's Rapid Deconstruction
  3072 | D        | Bought a +1 hat of magic resistance for 208 gold pieces
  3084 | D        | Gained mutation: You are robust. (+10% HP) [potion of beneficial mutation]
  3108 | D        | Noticed a deep elf mage
  3108 | D        | Noticed a deep elf mage
  3108 | D        | Noticed a deep elf mage
  3108 | D        | Noticed a deep elf mage
  3108 | D        | Noticed a deep elf knight
  3141 | D        | Killed a deep elf mage
  3141 | D        | Reached skill level 7 in Earth Magic
  3141 | D        | Killed a deep elf mage
  3141 | D        | Offered knowledge of Olgreb's Toxic Radiance by Vehumet.
  3141 | D        | Reached skill level 9 in Earth Magic
  3141 | D        | Reached XP level 10. HP: 56/56 MP: 16/29
  3142 | D        | Killed a deep elf knight
  3142 | D        | Reached skill level 10 in Earth Magic
  3142 | D        | Killed a deep elf mage
  3142 | D        | Reached ****** piety under Vehumet
  3142 | D        | Reached skill level 11 in Earth Magic
  3143 | D        | Killed a deep elf mage
  3150 | D        | Noticed a deep elf annihilator
  3235 | D        | Noticed Dowan
  3235 | D        | Noticed Duvessa
  3260 | D        | Killed Dowan
  3260 | D        | Reached skill level 15 in Spellcasting
  3260 | D        | Reached skill level 12 in Earth Magic
  3305 | D        | Killed Nessos
  3455 | D        | Killed Duvessa
  3569 | D        | Offered knowledge of Venom Bolt by Vehumet.
  3580 | D        | Noticed a yaktaur captain
  3580 | D        | Noticed a yaktaur captain
  3585 | D        | Killed a yaktaur captain
  3585 | D        | Reached skill level 16 in Spellcasting
  3585 | D        | Reached skill level 13 in Earth Magic
  3585 | D        | Reached XP level 11. HP: 50/61 MP: 14/32
  3586 | D        | Noticed a deep elf mage
  3651 | D        | Killed a deep elf mage
  3717 | D        | Got a flickering glass ring
  3719 | D        | Identified the ring "Cogee" {+Inv +Fly rElec rPois Stlth-} (You took it off a deep elf mage in the Dungeon)
  3758 | D        | Noticed a deep elf demonologist
  3770 | D        | Killed a deep elf annihilator
  3802 | D        | Killed from afar by a ghostly deep elf annihilator

Vault maps used:
D:        dungeon_sprint_mu

Skill      XL: |  1  2  3  4  5  6  7  8  9 10 |
---------------+-------------------------------+-----
Spellcasting   | 6 7 11 12 13 14 16 | 16.5
Conjurations   | 1 2 4 6 7 8 9 |  9.0
Stealth        | 4 6 10 12 | 12.2
Earth Magic    | 4 6 9 13 | 13.4
Fighting       | 4 5 |  5.3
Dodging        | 9 |  9.7
Hexes          | 8 |  8.4
Summonings     | |  0.7
Translocations | |  1.5

Action                   |  1- 3 |  4- 6 |  7- 9 | 10-12 || total
-------------------------+-------+-------+-------+-------++-------
Melee: Unarmed           |    19 |       |       |       ||    19
       Dagger            |       |    18 |    24 |     6 ||    48
 Cast: Magic Dart        |    45 |    18 |    26 |     2 ||    91
       Conjure Flame     |     2 |     2 |     6 |     2 ||    12
       Mephitic Cloud    |       |     5 |    12 |     5 ||    22
       Sandblast         |       |       |    25 |     6 ||    31
       Fulminant Prism   |       |       |     5 |    14 ||    19
       Lee's Rapid Decon |       |       |     2 |    14 ||    16
       Repel Missiles    |       |       |     1 |     1 ||     2
  Use: Scroll            |       |     1 |     2 |       ||     3
       Potion            |       |       |     2 |       ||     2
 Stab: Confused          |       |     4 |     5 |     1 ||    10
       Sleeping          |       |     3 |     2 |       ||     5
  Eat: Bread ration      |       |       |       |     1 ||     1
Armor: Robe              |     1 |       |       |       ||     1
Dodge: Dodged            |    20 |     8 |     7 |     4 ||    39
       Deflected         |       |       |       |     2 ||     2

Vault maps used:
D:        dungeon_sprint_mu

Table legend:
 A = Turns spent in this place as a percentage of turns spent in the entire game.
 B = Non-inter-level travel turns spent in this place as a percentage of non-inter-level travel turns spent in the entire game.
 C = Inter-level travel turns spent in this place as a percentage of turns spent in this place.
 D = Turns resting spent in this place as a percentage of non-inter-level travel turns spent in this place.
 E = Turns spent auto-exploring this place as a percentage of non-inter-level travel turns spent in this place.
 F = Non-inter-level travel turns spent in this place divided by the number of levels of this place that you've seen.
                   A       B       C       D       E      F
               +-------+-------+-------+-------+-------+----------------------
         Total | 100.0 | 100.0 |   0.0 |   5.7 |   0.0 | 1800.0
       Dungeon | 100.0 | 100.0 |   0.0 |   5.7 |   0.0 | 1800.0
               +-------+-------+-------+-------+-------+----------------------

Table legend:
 A = Kills in this place as a percentage of kills in entire the game.
 B = Kills by you in this place as a percentage of kills by you in the entire game.
 C = Kills by friends in this place as a percentage of kills by friends in the entire game.
 D = Other kills in this place as a percentage of other kills in the entire game.
 E = Experience gained in this place as a percentage of experience gained in the entire game.
 F = Experience gained in this place divided by the number of levels of this place that you have seen.
                   A       B       C       D       E      F
               +-------+-------+-------+-------+-------+----------------------
         Total | 100.0 | 100.0 |  -nan | 100.0 | 100.0 | 12047.0
       Dungeon | 100.0 | 100.0 |  -nan | 100.0 | 100.0 | 12047.0
               +-------+-------+-------+-------+-------+----------------------
